 Dungeon Crawl Stone Soup version 0.19-a0-1886-gd64a0f0 (webtiles) character file.

80 Promi the Skirmisher (level 3, 0/31 HPs)
             Began as a Demigod Wanderer on Oct 16, 2016.
             Killed by divine providence
             ... invoked by an orc priest
              (16 damage)
             ... on level 3 of the Dungeon.
             The game lasted 00:06:31 (2234 turns).

Promi the Skirmisher (Demigod Wanderer)             Turns: 2234, Time: 00:06:31

Health: 0/31       AC:  6    Str: 12 (14) XL:     3   Next: 98%
Magic:  5/5        EV: 10    Int: 17 (19) God:
Gold:   107        SH:  0    Dex: 12 (13) Spells: 0 memorised, 2 levels left

rFire  + . .     SeeInvis .     d - +0 blowgun
rCold  . . .     Gourm    .     p - +1 ring mail
rNeg   . . .     Faith    .     (no shield)
rPois  +         Spirit   .     (no helmet)
rElec  .         Dismiss  .     (no cloak)
rCorr  .         Reflect  .     (no gloves)
MR     .....     Harm     .     (no boots)
Stlth  +.........               (no amulet)
                                s - ring of poison resistance
                                v - ring of protection from fire

@: no status effects
A: claws 1, blurry vision 1, high mp 1, weak 1
a: no special abilities


You were on level 3 of the Dungeon.
You were not hungry.

You visited 1 branch of the dungeon, and saw 3 of its levels.

You collected 107 gold pieces.

Inventory:

Hand Weapons
 b - a +0 hand axe
 d - a +0 blowgun (weapon)
Missiles
 c - 9 poisoned needles (quivered)
Armour
 k - a +0 scale mail
 p - a +1 ring mail (worn)
Jewellery
 s - a ring of poison resistance (right claw)
 v - a ring of protection from fire (left claw)
Scrolls
 r - 2 scrolls of remove curse
Potions
 e - a potion of haste
 i - a potion of mutation
 t - a potion of curing
Comestibles
 f - a bread ration
 l - a royal jelly
 w - 2 fruits


   Skills:
 + Level 3.4 Fighting
 + Level 3.0 Axes
 - Level 1.0 Throwing
 + Level 1.1 Armour
 + Level 1.8 Dodging
 + Level 1.8 Stealth
   Level 1.0 Shields


You had 2 spell levels left.
You didn't know any spells.

Dungeon Overview and Level Annotations

Branches:
Dungeon (3/15)


Innate Abilities, Weirdness & Mutations

You have an increased reservoir of magic. (+10% MP)
You have sharp fingernails.
Scrolls take you a little longer to read.
You are weak. (Str -2)


Message History

The orc wizard points at you and mumbles some strange words.
You resist with some effort.
Wield which item (- for none, * to show all)? (? for menu, Esc to quit)
d - a +0 blowgun (weapon)
The orc looks more healthy.
The orc wizard hits you but does no damage.
Firing (i - inventory):
c - 10 poisoned needles (quivered)
Press: ? - help, Shift-Dir - straight line, f - orc priest, p - orc
Aim: an orc priest You shoot a poisoned needle.
The poisoned needle barely misses the orc wizard.
The poisoned needle hits the orc.
The orc is poisoned.
The orc is severely wounded.
You kill the orc!
The orc wizard points at you and mumbles some strange words.
You resist with some effort.
The orc priest calls down the wrath of Beogh upon you.
Beogh smites you!
Ouch! That really hurt!
You die...

#####...######
........#
####.#..# #.#..##
#.#...# #.##.^###
#.......#
############..#.#
#.(((.(o)o@..>#.#
#(###########.#.#
#.# #.#.# #.#
#.#.# #:# #.#.#
#o# #.#.# #o# #.#
#o# .# #.#


You could see an orc priest and an orc wizard.

Vanquished Creatures
  3 adders (D:3)
  A dart slug (D:3)
  A leopard gecko (D:1)
  3 orcs (D:3)
  7 giant cockroaches
  4 goblins
  A hobgoblin (D:1)
  4 jackals (D:2)
  6 bats
  3 frilled lizards
  9 kobolds
  5 rats
47 creatures vanquished.

Notes
Turn   | Place    | Note
-------+----------+-------------------------------------------
     0 | D:1      | Promi the Demigod Wanderer began the quest for the Orb.
     0 | D:1      | Promi set off with: a +2 leather armour, a +0 hand axe, 13 poisoned needles, a +0 blowgun, a bread ration
     0 | D:1      | Reached XP level 1. HP: 18/18 MP: 3/3
   335 | D:1      | Reached XP level 2. HP: 24/25 MP: 4/4
  1442 | D:2      | Reached XP level 3. HP: 27/31 MP: 5/5
  1535 | D:2      | Found a shimmering altar of Xom.
  1551 | D:2      | Found a white marble altar of Elyvilon.
  1560 | D:2      | Found a sparkling altar of Nemelex Xobeh.
  1568 | D:2      | Gained mutation: Scrolls take you a little longer to read. [potion of mutation]
  1568 | D:2      | Gained mutation: You have sharp fingernails. [potion of mutation]
  1568 | D:2      | Gained mutation: You are weak. (Str -2) [potion of mutation]
  1641 | D:2      | Reached skill level 1 in Armour
  2234 | D:3      | Killed from afar by an orc priest

Vault maps used:
D:1:      dpeg_chamrin_arrival_tetris
D:2:      minmay_overflow_temple_star_quad
D:3:      grunt_ministairs_14, makhleb_altar_promises_db

Skill      XL: |  1  2  3 |
---------------+----------+-----
Fighting       | 3 |  3.4
Armour         | 1 |  1.1
Axes           | 3 |  3.0
Throwing       | |  1.0
Dodging        | |  1.8
Stealth        | |  1.8
Shields        | |  1.0

Action                   || total
-------------------------++-------
Melee: Hand axe          ||   206
 Fire: Blowgun           ||     4
  Use: Scroll            ||     7
       Potion            ||     6
 Stab: Sleeping          ||     1
  Eat: Chunk             ||     5
Armor: Leather armour    ||    65
       Ring mail         ||    74
Dodge: Dodged            ||   159
